 Dungeon Sprint DCSS version 0.24.1-4-ge52af88ad5 (webtiles) character file.

Game seed: 9872149000578622978, levelgen mode: deterministic

1934 Groucho the Archer (level 8, -6/78 HPs)
             Began as a Centaur Hunter on Apr 21, 2020.
             Was an Initiate of Gozag.
             Killed from afar by a gargoyle (21 damage)
             ... with a stone arrow
             ... in the Dungeon (Sprint IX: "|||||||||||||||||||||||||||||").
             The game lasted 00:03:53 (1242 turns).

Groucho the Archer (Centaur Hunter)                 Turns: 1242, Time: 00:03:54

Health: -6/78      AC: 15    Str: 16    XL:     8   Next: 97%
Magic:  8/8        EV:  8    Int: 10    God:    Gozag
Gold:   531        SH:  0    Dex: 14    Spells: 7/7 levels left

rFire    x . .     SeeInvis .   t - +2 halberd of Kokuf {venom, +Inv rF- rC+++ MR++}
rCold    + + +     Gourm    .   (shield currently unavailable)
rNeg     . . .     Faith    .   q - +1 chain mail
rPois    .         Spirit   .   (no helmet)
rElec    .         Reflect  .   p - +0 cloak
rCorr    .         Harm     .   o - +0 pair of gloves
MR       ++...     NoTele   +   (no barding)
Stlth    ..........             (no amulet)
HPRegen  0.23/turn              c - +3 ring of dexterity
MPRegen  0.11/turn              r - +2 ring of protection

@: very slightly contaminated, very quick
A: large, hooves 3, deformed body, speed 2, tough skin 3
a: Potion Petition, Call Merchant, Bribe Branch, Renounce Religion, Evoke
Invisibility


You were in the Dungeon.
You worshipped Gozag.
Gozag was pleased with you.
You were not hungry.

You visited 1 branch You collected 531 gold pieces.

Inventory:

Hand Weapons
 a - a +1 shortbow
 b - a +0 short sword
 s - a +1 broad axe of chopping
 t - the +2 halberd of Kokuf (weapon) {venom, +Inv rF- rC+++ MR++}
   (You found it in the Dungeon)

   It poisons the flesh of those it strikes.
   It makes you vulnerable to fire.
   It renders you almost immune to cold.
   It affects your resistance to hostile enchantments.
   It lets you turn invisible.
 u - a +2 morningstar of protection
 v - a +4 quarterstaff of speed
Missiles
 d - 20 arrows
Armour
 o - a +0 pair of gloves (worn)
 p - a +0 cloak (worn)
 q - a +1 chain mail (worn)
Jewellery
 c - a +3 ring of dexterity (left hand)
 r - a +2 ring of protection (right hand)
Wands
 n - a wand of acid (10)
Scrolls
 k - 2 scrolls of blinking
 l - 3 scrolls of remove curse
 m - 2 scrolls of amnesia
Potions
 g - a potion of heal wounds
 h - a potion of haste
 i - 4 potions of magic
 j - 4 potions of curing


   Skills:
 + Level 9.5 Fighting
 + Level 7.5 Polearms
 + Level 12.8 Bows
 + Level 7.0 Armour
 + Level 7.2 Dodging
 - Level 0.4 Stealth


You had 7 spell levels left.
You didn't know any spells.
Your spell library was empty.

Dungeon Overview and Level Annotations

Branches:
Dungeon (1/1)

Altars:
Cheibriados
Dithmenos
Elyvilon
Fedhas
Gozag
Hepliaklqana
Kikubaaqudgha
Makhleb
Nemelex Xobeh
Okawaru
Qazlal
Ru
Sif Muna
Trog
Uskayaw
Vehumet
Wu Jian
Xom
Yredelemnul
Zin
The Shining One
Beogh
Jiyva
Lugonu


Innate Abilities, Weirdness & Mutations

You have hooves in place of feet.
Armour fits poorly on your strangely shaped body.
You cover ground very quickly.
You have extremely tough skin. (AC +3)


Message History

You hit the gargoyle but do no damage.
You kick the gargoyle, but do no damage.
The gargoyle is lightly damaged.
The gargoyle hits you with a +0 mace!
Unknown command.
Unknown command.
Your chain mail prevents you from hitting the gargoyle.
The gargoyle is lightly damaged.
The gargoyle barely misses you.
Your chain mail prevents you from hitting the gargoyle.
The gargoyle is lightly damaged.
The gargoyle hits you with a +0 mace!
* * * LOW HITPOINT WARNING * * *
Unknown command.
You barely miss the gargoyle. Your kick misses the gargoyle.
The gargoyle is lightly damaged.
The gargoyle hurls a stone arrow at you.
The stone arrow hits you!!
You die...
Your body crumbles into a pile of gold.

▓.▓
$
▓)▓
▓.▓
$
▓(▓
$
▓.▓
$
▓.▓
$
▓.▓
$
▓.▓
▓@▓
▓9▓
▓Y▓
▓.▓
▓.▓
▓.▓
▓.▓
▓+▓


You could see a yak and a gargoyle.

Vanquished Creatures
  An unseen horror (D)
  An ugly thing (D)
  A cyclops (D)
  A kobold demonologist (D)
  A sky beast (D)
  An ice beast (D)
  An eye of draining (D)
  A scorpion (D)
  2 orc wizards (D)
  A jelly (D)
  An adder (D)
  A shadow imp (D)
  An adder zombie (D)
  An orc (D)
  A bat (D)
  2 goblins (D)
  A hobgoblin (D)
  A rat (D)
20 creatures vanquished.

Notes
Turn   | Place    | Note
-------+----------+-------------------------------------------
     0 | D        | Groucho the Centaur Hunter began the quest for the Orb.
     0 | D        | Reached XP level 1. HP: 17/17 MP: 1/1
    18 | D        | Reached skill level 1 in Armour
   288 | D        | Noticed an orc wizard
   288 | D        | Noticed a jelly
   298 | D        | Reached skill level 6 in Bows
   298 | D        | Reached XP level 2. HP: 26/26 MP: 2/2
   302 | D        | Reached skill level 7 in Bows
   302 | D        | Reached XP level 3. HP: 33/33 MP: 3/3
   303 | D        | Reached XP level 4. HP: 38/41 MP: 4/4
   695 | D        | Found a roughly hewn altar of Beogh.
   695 | D        | Found a snail-covered altar of Cheibriados.
   695 | D        | Found a shadowy altar of Dithmenos.
   695 | D        | Found a white marble altar of Elyvilon.
   695 | D        | Found a blossoming altar of Fedhas.
   695 | D        | Found an opulent altar of Gozag.
   696 | D        | Found a hazy altar of Hepliaklqana.
   697 | D        | Found a viscous altar of Jiyva.
   698 | D        | Found an ancient bone altar of Kikubaaqudgha.
   699 | D        | Found a corrupted altar of Lugonu.
   700 | D        | Found a burning altar of Makhleb.
   701 | D        | Found a sparkling altar of Nemelex Xobeh.
   702 | D        | Found an iron altar of Okawaru.
   703 | D        | Found a stormy altar of Qazlal.
   704 | D        | Found a sacrificial altar of Ru.
   705 | D        | Found a shimmering blue altar of Sif Muna.
   706 | D        | Found a bloodstained altar of Trog.
   707 | D        | Found a hide-covered altar of Uskayaw.
   708 | D        | Found a radiant altar of Vehumet.
   709 | D        | Found an ornate altar of the Wu Jian Council.
   710 | D        | Found a shimmering altar of Xom.
   711 | D        | Found a basalt altar of Yredelemnul.
   712 | D        | Found a glowing silver altar of Zin.
   713 | D        | Found a glowing golden altar of the Shining One.
   741 | D        | Became a worshipper of Gozag Ym Sagoz the Greedy
   807 | D        | Got the +2 halberd of Kokuf {venom, +Inv rF- rC+++ MR++}
   823 | D        | Noticed an eye of draining
   823 | D        | Noticed an ice beast
   823 | D        | Noticed a sky beast
   825 | D        | Reached skill level 1 in Polearms
   825 | D        | Reached skill level 8 in Bows
   830 | D        | Killed an eye of draining
   830 | D        | Reached skill level 5 in Fighting
   830 | D        | Reached skill level 9 in Bows
   830 | D        | Reached XP level 5. HP: 48/50 MP: 0/5
   835 | D        | Killed an ice beast
   835 | D        | Reached XP level 6. HP: 54/58 MP: 1/6
   841 | D        | Killed a sky beast
   841 | D        | Reached skill level 10 in Bows
   841 | D        | Reached skill level 5 in Dodging
   860 | D        | Killed an unseen horror
   860 | D        | Reached skill level 11 in Bows
   860 | D        | Reached XP level 7. HP: 20/68 MP: 3/7
  1204 | D        | Noticed a cyclops
  1204 | D        | Noticed a kobold demonologist
  1204 | D        | Noticed a gargoyle
  1204 | D        | Noticed a cyan ugly thing
  1204 | D        | Noticed a yak
  1213 | D        | Killed a cyclops
  1213 | D        | Reached skill level 12 in Bows
  1213 | D        | Reached XP level 8. HP: 37/77 MP: 8/8
  1219 | D        | Killed a purple ugly thing
  1235 | D        | Killed a kobold demonologist
  1242 | D        | Killed from afar by a gargoyle

Levels and vault maps discovered:
D:        linesprint [early_d, line_temple, items_1, d_10, items_2, lair_1,
          lair_end, items_3, orc_1, orc_end, items_4, d_15, swamp_1, shoals_1,
          snake_1, spider_1, d_20, vaults_1, items_5, swamp_end, shoals_end,
          snake_end, spider_end, vaults_end, d_27, items_6, zot_1, zot_end,
          crypt_end, forest_end, elf_end, slime_end, tomb_end, abyss_end,
          pan_hell_end]

Skill      XL: |  1  2  3  4  5  6  7  8 |
---------------+-------------------------+-----
Armour         | 1 2 3 4 6 7 |  7.0
Fighting       | 3 4 5 6 8 9 |  9.5
Bows           | 6 7 9 11 12 | 12.8
Dodging        | 2 3 4 6 7 |  7.2
Polearms       | 2 3 6 7 |  7.5
Stealth        | |  0.4

Action                   |  1- 3 |  4- 6 |  7- 9 || total
-------------------------+-------+-------+-------++-------
Melee: Short sword       |    23 |     2 |       ||    25
       Kick              |     5 |     6 |    12 ||    23
       Halberd           |       |    31 |    34 ||    65
  Use: Potion            |     2 |       |     3 ||     5
 Stab: Invisible         |       |       |     5 ||     5
  Eat: Ration            |       |       |     1 ||     1
Armor: Leather armour    |     7 |     1 |       ||     8
       Chain mail        |       |    27 |    11 ||    38
Dodge: Dodged            |    10 |     1 |    11 ||    22
